 Dungeon Crawl Stone Soup version 0.26-b1-32-g5d43845318 (webtiles) character file.

Game seed: 15065160741803469389

8733 Borgoz the Basher (level 11, -4/69 HPs)
             Began as a Gargoyle Gladiator on Jan 12, 2021.
             Killed from afar by a fire dragon (22 damage)
             ... with a blast of flame
             ... on level 9 of the Dungeon.
             The game lasted 00:15:49 (10189 turns).

Borgoz the Basher (Gargoyle Gladiator)             Turns: 10189, Time: 00:15:50

Health: -4/69      AC: 25    Str: 23 (24) XL:     11   Next: 35%
Magic:  11/11      EV: 15    Int: 10      God:
Gold:   1451       SH:  0    Dex: 13      Spells: 10/10 levels left

rFire    . . .     SeeInvis .   k - +0 morningstar (holy)
rCold    . . .     Faith    .   (no shield)
rNeg     + . .     Spirit   .   f - +4 troll leather armour
rPois    ∞         Reflect  .   c - +1 helmet
rElec    +         Harm     .   y - +0 cloak
rCorr    .         Rampage  .   h - +0 pair of gloves
Will     .....                  E - +1 pair of boots
Stlth    +.........             b - amulet of the acrobat (curse)
HPRegen  0.61/turn              e - +6 ring of strength
MPRegen  0.12/turn              x - +4 ring of slaying

@: mighty
A: deterioration 1, negative energy resistance 1, electricity resistance,
unbreathing, petrification resistance, miasma immunity, AC +8
a: no special abilities


You were on level 9 of the Dungeon.
You visited 2 branches of the dungeon, and saw 10 of its levels.
You also visited: Ossuary and Bailey.

You collected 1451 gold pieces.

Inventory:

Hand Weapons
 k - a +0 morningstar of holy wrath (weapon)
Missiles
 d - 3 throwing nets (quivered)
Armour
 c - a +1 helmet (worn)
 f - a +4 troll leather armour (worn)
 h - a +0 pair of gloves (worn)
 y - a +0 cloak (worn)
 z - a +0 leather armour of fire resistance
 E - a +1 pair of boots (worn)
 M - the +2 robe "Cetiquh" {rN+ Dex+6, unknown}
   (You found it on level 8 of the Dungeon)

   It affects your dexterity (+6).
   It protects you from negative energy.
 N - the +4 ring mail of Valour {*Contam rPois Str-5 SInv}
   (You found it on level 8 of the Dungeon)

   It affects your strength (-5).
   It protects you from poison.
   It lets you see invisible.
   It causes magical contamination when unequipped.
Jewellery
 b - a cursed amulet of the acrobat (around neck)
 e - a +6 ring of strength (left hand)
 m - an uncursed amulet of faith
 x - a +4 ring of slaying (right hand)
 P - an uncursed ring of resist corrosion
Wands
 s - a wand of acid (11)
 v - a wand of disintegration (11)
 w - a wand of flame (2)
Scrolls
 g - a scroll of acquirement {unknown}
 i - 2 scrolls of enchant armour
 n - 4 scrolls of enchant weapon
 o - 3 scrolls of teleportation
 r - 8 scrolls of remove curse {unknown}
 u - a scroll of immolation {unknown}
 F - a scroll of random uselessness {unknown}
 H - a scroll of amnesia {unknown}
 L - 2 scrolls of blinking {unknown}
 O - a scroll of holy word {unknown}
Potions
 j - 4 potions of curing
 l - 4 potions of heal wounds {unknown}
 p - 3 potions of might
 A - 4 potions of cancellation
 B - a potion of brilliance
 I - 2 potions of haste {unknown}
 K - 2 potions of mutation {unknown}


   Skills:
 + Level 8.8 Fighting
 * Level 11.3 Maces & Flails
 - Level 1.7 Throwing
 + Level 8.5 Armour
 + Level 7.0 Dodging


You had 10 spell levels left.
You didn't know any spells.
Your spell library was empty.

Dungeon Overview and Level Annotations

Branches:
Dungeon (9/15)             Temple (1/1) D:7            Lair (0/6) D:8
    Orc (0/2) D:9         Ossuary (visited)          Bailey (visited)

Altars:
Ashenzari
Cheibriados
Dithmenos
Elyvilon
Fedhas
Gozag
Hepliaklqana
Kikubaaqudgha
Makhleb
Nemelex Xobeh
Okawaru
Qazlal
Ru
Sif Muna
Trog
Uskayaw
Vehumet
Wu Jian
Xom
Yredelemnul
The Shining One
Beogh


Innate Abilities, Weirdness & Mutations

You are resistant to torment.
Your stone body is resilient. (AC +8)
You are immune to poison.
You resist negative energy. (rN+)
You are resistant to electric shocks. (rElec)
You can survive without breathing.
You are immune to petrification.
You are immune to miasma.
Your body sometimes deteriorates upon taking damage.


Message History

The fire dragon misses you. The fire dragon claws you.
* * * LOW HITPOINT WARNING * * *
The fire dragon tramples you.
* * * LOW HITPOINT WARNING * * *
You stumble backwards!
You completely miss the fire dragon.
The fire dragon is heavily wounded.
The fire dragon bites you but does no damage.
The fire dragon claws you but does no damage.
The fire dragon completely misses you.
You hit the fire dragon but do no damage.
The fire dragon is heavily wounded.
The fire dragon closely misses you. The fire dragon claws you.
* * * LOW HITPOINT WARNING * * *
The fire dragon tramples you but does no damage.
You puncture the fire dragon!
The fire dragon is severely wounded.
The fire dragon breathes flames at you. The blast of flame hits you!!
You die...

#.# ####.# #....# #.####
#.## ######### #..#
####...≈≈≈≈# ##.######
##.......≈≈§#*
#......#####........≈≈§≈**
######...†....@D...≈≈≈§≈≈*
#####.........§≈≈≈$,***
###......≈≈§..$,,,*
##....≈≈≈....,,,*
###..≈§≈≈...,,**
##########***


You could see a fire dragon (catching breath).

Vanquished Creatures
  Erica (D:9)
  3 two-headed ogres (D:8)
  An orc knight (Bailey)
  Joseph (D:7)
  Maggie (D:7)
  Prince Ribbit (D:7)
  Sigmund (D:2)
  Menkaure (D:7)
  3 ice beasts
  9 orc warriors
  A phantom (D:5)
  3 ogres (D:8)
  3 necrophages
  2 centaurs
  A big kobold (D:8)
  An elf zombie (Ossuary)
  Blork the orc (D:4)
  2 bullfrogs
  A wyvern zombie (D:6)
  3 scorpions
  11 killer bees (D:9)
  4 crimson imps (D:4)
  3 howler monkeys
  2 bullfrog zombies
  5 hounds
  A jelly (D:7)
  3 centaur zombies
  A bullfrog skeleton (D:6)
  4 orc priests
  2 centaur skeletons
  4 orc wizards (D:6)
  5 worker ants
  3 iguanas
  A killer bee zombie (D:8)
  4 ogre zombies (Ossuary)
  A hound zombie (D:6)
  7 mummies (Ossuary)
  3 howler monkey zombies (D:6)
  8 gnolls
  8 adders
  3 shadow imps
  A white imp (D:6)
  2 ufetubi
  An ooze (D:7)
  An adder skeleton (D:4)
  6 adder zombies
  3 worms
  The ghost of MisterFreud the Sneak, a weakling MiDe (D:5)
  10 leopard geckos
  43 orcs
  3 ball pythons
  7 giant cockroaches
  A gnoll zombie (Ossuary)
  2 goblins
  4 hobgoblins
  20 jackals
  2 quokkas
  6 bats
  8 frilled lizards
  2 goblin skeletons (D:6)
  2 goblin zombies
  5 hobgoblin zombies
  20 kobolds
  2 kobold skeletons (D:6)
  4 kobold zombies
  2 leopard gecko skeletons (D:6)
  A leopard gecko zombie (D:7)
  2 orc skeletons (D:6)
  An orc zombie (Ossuary)
  6 quokka zombies (Ossuary)
  7 rats
  7 rat zombies (Ossuary)
305 creatures vanquished.

Vanquished Creatures (others)
  A wizard (D:9)
  3 withered plants (D:6)
4 creatures vanquished.

Grand Total: 309 creatures vanquished

Notes
Turn   | Place    | Note
-------+----------+-------------------------------------------
     0 | D:1      | Borgoz the Gargoyle Gladiator began the quest for the Orb.
     0 | D:1      | Reached XP level 1. HP: 12/12 MP: 1/1
   364 | D:1      | Reached XP level 2. HP: 16/18 MP: 2/2
   773 | D:2      | Found a faded altar of an unknown god.
   814 | D:2      | Reached skill level 1 in Armour
   814 | D:2      | Reached XP level 3. HP: 16/22 MP: 3/3
   946 | D:2      | Noticed a centaur
   951 | D:2      | Killed a centaur
   952 | D:2      | Reached skill level 4 in Maces & Flails
   952 | D:2      | Reached XP level 4. HP: 25/28 MP: 4/4
   997 | D:2      | Reached XP level 5. HP: 32/32 MP: 5/5
  1068 | D:2      | Noticed Sigmund
  1078 | D:2      | Killed Sigmund
  1079 | D:2      | Reached XP level 6. HP: 23/37 MP: 6/6
  1973 | D:2      | Reached skill level 5 in Maces & Flails
  3103 | D:4      | Reached XP level 7. HP: 24/43 MP: 7/7
  3112 | D:4      | Noticed Blork the orc
  3133 | D:4      | Killed Blork the orc
  3215 | D:4      | Reached skill level 6 in Maces & Flails
  3595 | D:4      | Found a shimmering altar of Xom.
  3902 | D:5      | Entered Level 5 of the Dungeon
  3939 | D:5      | Reached XP level 8. HP: 32/48 MP: 8/8
  4163 | D:5      | Reached skill level 5 in Fighting
  4319 | D:5      | Found a runed translucent gate.
  4320 | D:5      | Found a runed translucent gate.
  4320 | D:5      | Found a runed translucent gate.
  4322 | D:5      | Noticed MisterFreud's ghost (weakling MiDe)
  4516 | D:5      | Found a sacrificial altar of Ru.
  4743 | D:5      | Killed MisterFreud's ghost
  4845 | D:6      | Reached skill level 7 in Maces & Flails
  5070 | D:6      | Reached skill level 5 in Armour
  5078 | D:6      | Found a glowing golden altar of the Shining One.
  5279 | D:6      | Reached XP level 9. HP: 55/55 MP: 9/9
  5392 | D:6      | Found a snail-covered altar of Cheibriados.
  5621 | D:7      | Noticed Prince Ribbit
  5633 | D:7      | Killed Prince Ribbit
  5634 | D:7      | Reached skill level 8 in Maces & Flails
  5634 | D:7      | Reached skill level 5 in Dodging
  5635 | D:7      | Noticed Menkaure
  5644 | D:7      | Killed Menkaure
  5658 | D:7      | Found a sand-covered staircase.
  5685 | Ossuary  | Entered an ossuary
  6499 | D:7      | Noticed Maggie
  6517 | D:7      | Killed Maggie
  6775 | D:7      | Found a staircase to the Ecumenical Temple.
  6806 | Temple   | Entered the Ecumenical Temple
  7325 | D:7      | Reached skill level 9 in Maces & Flails
  7336 | D:7      | Noticed Joseph
  7353 | D:7      | Killed Joseph
  7513 | D:7      | Reached XP level 10. HP: 25/63 MP: 10/10
  7814 | D:8      | Got a sheer robe
  8006 | D:8      | Noticed a two-headed ogre
  8020 | D:8      | Killed a two-headed ogre
  8026 | D:8      | Got a faintly humming ring mail
  8042 | D:8      | Noticed a two-headed ogre
  8054 | D:8      | Killed a two-headed ogre
  8055 | D:8      | Reached skill level 10 in Maces & Flails
  8068 | D:8      | Found a bloodstained altar of Trog.
  8551 | D:8      | Identified the +4 ring mail of Valour {*Contam rPois Str-5
                  | SInv} (You found it on level 8 of the Dungeon)
  8576 | D:8      | Gained mutation: Your body sometimes deteriorates upon
                  | taking damage. [mutagenic glow]
  8766 | D:8      | Found a staircase to the Lair.
  8814 | D:8      | Noticed a two-headed ogre
  8824 | D:8      | Killed a two-headed ogre
  9066 | D:9      | Reached XP level 11. HP: 29/68 MP: 11/11
  9363 | D:9      | Found a flagged portal.
  9376 | Bailey   | Entered a bailey
  9569 | Bailey   | Noticed an orc knight
  9570 | Bailey   | Found a burning altar of Makhleb.
  9601 | Bailey   | Killed an orc knight
  9602 | Bailey   | Reached skill level 11 in Maces & Flails
  9791 | D:9      | Found a bloodstained altar of Trog.
  9791 | D:9      | Noticed Erica
  9804 | D:9      | Killed Erica
  9812 | D:9      | Noticed a wizard
  9814 | D:9      | Killed a wizard
  9907 | D:9      | Found a roughly hewn altar of Beogh.
  9907 | D:9      | Found a staircase to the Orcish Mines.
 10171 | D:9      | Noticed a fire dragon
 10189 | D:9      | Killed from afar by a fire dragon

Illustrated notes

Levels and vault maps discovered:
D:1:      amcnicky_arrival_gap_in_the_tavern_cellar, layout_loops_ring
D:2:      layout_rooms, chequers_ecumenical_altar_island,
          grunt_decor_mini_mirrors, minmay_misc_feat_rows, uniq_sigmund
D:3:      layout_basic
D:4:      layout_basic, led_xom_imps, uniq_blork_the_orc
D:5:      layout_basic, nicolae_ru_the_path_less_chosen,
          ebering_ghost_rock_garden
D:6:      layout_rooms, nicolae_tso_besieged_by_evil, serial_undead,
          serial_undead_a, serial_undead_d, serial_undead_d, serial_undead_c,
          serial_undead_b, cheibrodos_worm_habitat
D:7:      layout_loops_cross, minmay_temple_entry_junction, enter_ossuary_3,
          chequers_serial_rivers_micro_b, uniq_menkaure, uniq_maggie,
          uniq_prince_ribbit1, uniq_joseph
D:8:      layout_rooms, kennysheep_mini, lair_entry_dummy,
          kennysheep_generic_room_13
D:9:      dragon1_lemuel, layout_cave_pools, marbit_many_paths, david_orc_5,
          enter_bailey_2, trog_wizard, uniq_erica
Temple:   eino_narrow_crystal_temple

Skill      XL: |  1  2  3  4  5  6  7  8  9 10 11 |
---------------+----------------------------------+-----
Armour         | 1 2 3 4 5 6 7 8 |  8.5
Fighting       | 3 4 5 7 8 |  8.8
Maces & Flails | 4 5 6 7 9 10 11 | 11.3
Dodging        | 3 4 5 6 7 |  7.0
Throwing       | |  1.7

Action                   |  1- 3 |  4- 6 |  7- 9 | 10-12 || total
-------------------------+-------+-------+-------+-------++-------
Melee: Flail             |    68 |   157 |   497 |   352 ||  1074
       Morningstar       |       |       |       |    40 ||    40
Throw: Throwing net      |       |     2 |     1 |     1 ||     4
Evoke: Wand              |       |       |       |    15 ||    15
  Use: Potion            |       |     1 |       |     6 ||     7
       Scroll            |       |       |     6 |    11 ||    17
Armor: Leather armour    |    38 |     9 |       |       ||    47
       Ring mail         |       |    75 |   184 |   139 ||   398
       Skin              |       |     2 |       |       ||     2
       Troll leather arm |       |       |       |    92 ||    92
Dodge: Dodged            |    86 |   125 |   374 |   417 ||  1002
